 Dungeon Crawl Stone Soup version 0.27-a0-1501-g9d6fb14e67 (webtiles) character file.

Game seed: 13062927173433145979

14 Lekart the Skirmisher (level 2, -2/26 HPs)
             Began as a Draconian Chaos Knight on July 8, 2021.
             Was a Plaything of Xom.
             Succumbed to a kobold's poison
             ... on level 2 of the Dungeon.
             The game lasted 00:00:56 (1122 turns).

Lekart the Skirmisher (Draconian Chaos Knight)      Turns: 1122, Time: 00:00:56

Health: -2/26      AC:  4    Str: 14    XL:     2   Next: 27%
Magic:  2/2        EV: 12    Int: 12    God:    Xom [..*...]
Gold:   16         SH:  0    Dex: 10    Spells: 1/1 levels left

rFire    . . .     SeeInvis .   a - +0 falchion (venom)
rCold    . . .     Faith    .   (no shield)
rNeg     . . .     Spirit   .   (armour unavailable)
rPois    .         Reflect  .   (helmet restricted)
rElec    .         Harm     .   (no cloak)
rCorr    .         Rampage  .   (no gloves)
Will     .....                  (no boots)
Stlth    +.........             (no amulet)
HPRegen  0.08/turn              (no ring)
MPRegen  0.08/turn              (no ring)

@: lethally poisoned (-2 -> -19)
A: AC +4, unfitting armour, cold-blooded
a: Renounce Religion


You were on level 2 of the Dungeon.
You worshipped Xom.
You were a toy of Xom.
You visited 1 branch of the dungeon, and saw 2 of its levels.

You collected 16 gold pieces.

Inventory:

Hand Weapons
 a - a +0 falchion of venom (weapon)
Jewellery
 b - a ring of willpower
Potions
 c - a potion of invisibility {unknown}


   Skills:
 + Level 3.6 Fighting
 + Level 3.2 Long Blades
 + Level 2.3 Dodging
 * Level 0.3 Spellcasting


You had one spell level left.
You didn't know any spells.
Your spell library was empty.

Dungeon Overview and Level Annotations

Branches:
Dungeon (2/15)

Altars:

Shops:
D:1 [*(


Innate Abilities, Weirdness & Mutations

Your plain brown scales are hard. (AC +4)
You cannot fit into any form of body armour.
You are cold-blooded and may be slowed by cold attacks.


Message History

The bat closely misses you.
A bat is nearby!
The bat barely misses you. The bat misses you.
You barely miss the bat. The bat hits you but does no damage.
A kobold comes into view. It is wielding a +2 dagger of venom.
The kobold shouts!
The bat barely misses you.
You riposte.
You hit the bat but do no damage.
The bat is poisoned.
The bat misses you. The bat hits you but does no damage.
You hit the bat.
You kill the bat! "First here, now there."
You swap places with the kobold.
The kobold throws a stone.
The stone barely misses you.
The kobold hits you with a +2 dagger of venom.
You are poisoned.
You miss the kobold.
You feel very sick.
The kobold hits you with a +2 dagger of venom.
You are more poisoned.
You closely miss the kobold.
You feel very sick.
The kobold hits you with a +2 dagger of venom.
You are more poisoned.
You are too injured to fight recklessly!
You are too injured to fight recklessly!
You hit the kobold.
The kobold is poisoned.
The kobold is heavily wounded.
* * * LOW HITPOINT WARNING * * *
You feel very sick. The kobold barely misses you.
The kobold hits you with a +2 dagger of venom.
* * * LOW HITPOINT WARNING * * *
You are more poisoned.
You hit the kobold.
You kill the kobold!
* * * LOW HITPOINT WARNING * * *
You feel very sick.
You die...
Xom roars with laughter!

#.... #..8#
#...+
#..8###
##.....#
#.##...#####
#...........
###..#####..
##@# #.##
#..## #...#
#.#.# #...#
#.<.# #.#.=#
#.#..#


There were no monsters in sight!

Vanquished Creatures
  A goblin (D:1)
  A hobgoblin (D:1)
  3 jackals (D:1)
  A quokka (D:1)
  A ball python (D:1)
  A bat (D:2)
  A frilled lizard (D:1)
  3 kobolds
12 creatures vanquished.

Notes
Turn   | Place    | Note
-------+----------+-------------------------------------------
     0 | D:1      | Lekart the Draconian Chaos Knight began the quest for the
                  | Orb.
     0 | D:1      | Reached XP level 1. HP: 19/19 MP: 1/1
    21 | D:1      | XOM: butterfly on damage
   166 | D:1      | Found Guent's Weapon Shoppe.
   334 | D:1      | Found Huosa's Assorted Antiques.
   445 | D:1      | Reached XP level 2. HP: 24/26 MP: 2/2
   723 | D:1      | XOM: 2-stop teleportation journey
   790 | D:1      | Found Ojoofoev's Antique Armour Boutique.
   970 | D:1      | XOM: 9-stop teleportation journey
  1115 | D:2      | XOM: swap monsters
  1121 | D:2      | HP: 1/26 [poisoned by a kobold]
  1122 | D:2      | Succumbed to a kobold's poison

Illustrated notes

Levels and vault maps discovered:
D:1:      roderic_chinese_lattice_arrival, layout_loops_corners, serial_shops,
          nicolae_shop_temple_entry_statues_fountains, shop_fountains,
          nicolae_square_shop, serial_bayou_pond_e
D:2:      layout_rooms, dreamdust_ecumenical_altar_angels_and_demons

Action                   || total
-------------------------++-------
Melee: Falchion          ||    30
       Tailslap          ||     1
  Use: Scroll            ||     2
Armor: Skin              ||    10
Dodge: Dodged            ||    31
       Rpst.: Falchion   ||    10

Table legend: (Time is in decaauts)
 A = Elapsed time spent in this place.
 B = Non-inter-level travel time spent in this place.
 C = Inter-level travel time spent in this place.
 D = Time resting spent in this place.
 E = Time spent auto-exploring this place.
 F = Levels seen in this place.
 G = Mean time per level.
                   A        B        C        D        E       F      G
               +--------+--------+--------+--------+--------+-----+--------+
         Total |   1129 |   1106 |     23 |      0 |   1029 |   2 |  564.5 |
       Dungeon |   1129 |   1106 |     23 |      0 |   1029 |   2 |  564.5 |
               +--------+--------+--------+--------+--------+-----+--------+

Top non-repeatable levels by time:
     D:1: 1112 daAuts
     D:2: 16 daAuts
